AoeStats
← The_Kraken

Four Lakes

509993491Analyzed
1v1 RM · 2d ago on Sep 29, 2026· 49m 42s· 2 players
Game mode
Random Map
Map size
Tiny (2 player)
Population
200
Speed
Normal
Resources
Standard
Victory
Conquest
Starting age
Dark Age
Ending age
Imperial Age
RankedLock teamsTeams togetherTeam positionsShared explorationLock speedFull tech treeHidden civsTurbo modeCheats
Victory
Defeat
🇨🇴 Varangians · Colombia
914
+16
🇳🇿 Koreans · New Zealand
907
-42
bigUnclebrown
11:07 Feudal Age
15:28 Double-Bit Axe
24:06 Castle Age
25:02 Scale Barding Armor
25:00 Scale Mail Armor
24:45 Light Cavalry
27:42 Husbandry
28:56 Forging
35:30 Chain Barding Armor
38:22 Imperial Age
38:31 Hussar
39:53 Iron Casting
42:12 Conscription
47:21 Heavy Cavalry Archer
The_Kraken
4:07 Loom
8:14 Loom
11:26 Feudal Age
11:53 Town Watch
12:46 Double-Bit Axe
15:47 Bloodlines
22:05 Fletching
22:12 Horse Collar
22:26 Gold Mining
25:15 Castle Age
23:44 Scale Barding Armor
24:03 Fishing Lines
25:39 Stone Mining
26:27 Husbandry
26:54 Bodkin Arrow
27:47 Chain Barding Armor
28:05 Light Cavalry
29:03 Bow Saw
31:16 Ballistics
31:51 Wheelbarrow
31:17 Town Patrol
31:37 Gillnets
36:04 Hand Cart
40:13 Imperial Age
39:25 Masonry
40:27 Forging
40:19 Padded Archer Armor
40:24 Heavy Plow
41:02 Stone Shaft Mining
40:10 Vendel Legacy
42:10 Chemistry
41:35 Bracer
42:13 Architecture
43:10 Plate Barding Armor
45:57 Iron Casting
45:45 Heavy Mounted Crossbowman
45:46 Cranequins
46:19 Hussar
48:31 Fervor
49:58 Blast Furnace
49:15 Leather Archer Armor
49:25 Elite Varangian Guard
Connection lost

Rejoining the realm…

Still unreachable

The connection could not be restored.

Session expired

The server has moved on; the page needs a fresh start.